 Dungeon Sprint DCSS version bcrawl-1.21.3-2-g9d8a61a446 (webtiles) character file.

Game seed: 18120234849331160826

9216 funkygono the Peltast (level 11, 0/112 HPs)
             Began as a Minotaur Fighter on Apr 12, 2020.
             Was the Champion of the Shining One.
             Slain by a merfolk impaler
             ... wielding a +1 trident of pain
              (2 damage)
             ... in the Dungeon (Sprint V: "Ziggurat Sprint").
             The game lasted 00:16:13 (1423 turns).

funkygono the Peltast (Minotaur Fighter)            Turns: 1423, Time: 00:16:14

Health: 0/112      AC: 41    Str: 36    XL:     11   Next: 20%
Magic:  8/10       EV:  3    Int:  2    God:    the Shining One [******]
Gold:   0          SH: 44    Dex: 21    Spells: 10/10 levels left

rFire    + . .     SeeInvis .   C - +5 flail of Judgement {protect, rElec rF+ Int-3 Dex+6}
rCold    . . .     Gourm    .   J - +18 shield of the Gong {rElec rN+ MR+ EV-5}
rNeg     + + +     Faith    .   I - +15 Maxwell's patent armour {-Cast -Tele rElec MR+ rCorr}
rPois    .         Spirit   .   (helmet restricted)
rElec    +         Reflect  +   z - scarf {repulsion}
rCorr    +         Harm     .   (no gloves)
MR       ++...     NoTele   +   H - +2 pair of boots {Stlth++} Stlth ..........NoCast +
                                w - brooch of Shielding {Reflect SH+8}
HPRegen  0.28/turn              D - +6 ring of strength
MPRegen  0.12/turn              A - +6 ring of dexterity

@: mighty, engulfed (cannot breathe), protection aura, glowing, repel missiles,
very slow
A: retaliatory headbutt, horns 2
a: Divine Shield, Cleansing Flame, Summon Divine Warrior, Brand Weapon With Holy
Wrath, Renounce Religion


You were in the Dungeon.
You worshipped the Shining One.
The Shining One was exalted by your worship.
You were not hungry.

You visited 1 branch

Inventory:

Hand Weapons
 b - the +11 flail of Distraction {drain, *Drain rF+ Dex+8 Stlth-}
   (You found it in the Dungeon)

   A truly terrible weapon, it drains the life of those it strikes.
   It affects your dexterity (+8).
   It protects you from fire.
   It causes draining when unequipped.
   It makes you less stealthy.
   The Shining One disapproves of the use of such an item.
 c - the +7 morningstar "Irucaos" {holy, rElec}
   (You found it in the Dungeon)

   It has been blessed by the Shining One to cause great damage to the undead
   and demons.
   It insulates you from electricity.
 x - the +3 dire flail "Latim" {antimagic, rC+ Str-3 Stlth+}
   (You found it in the Dungeon)

   It reduces the magical energy of the wielder, and disrupts the spells and
   magical abilities of those hit.
   Natural abilities and divine invocations are not affected.
   It affects your strength (-3).
   It protects you from cold.
   It makes you more stealthy.
 C - the +5 flail of Judgement (weapon) {protect, rElec rF+ Int-3 Dex+6}
   (You found it in the Dungeon)

   It grants its wielder temporary protection when it strikes (+7 to AC).
   It affects your intelligence (-3).
   It affects your dexterity (+6).
   It protects you from fire.
   It insulates you from electricity.
 G - the +9 heavy crossbow "Sniper" {velocity, Acc+∞ SInv}
   (You found it in the Dungeon)

   Any bolt fired from it inflicts extra damage.
   It lets you see invisible.
Armour
 v - a +5 crystal plate armour
 z - a scarf of repulsion (worn)
 H - a +2 pair of boots of stealth (worn)
 I - the +15 Maxwell's patent armour (worn) {-Cast -Tele rElec MR+ rCorr}
   (You found it in the Dungeon)

   It insulates you from electricity.
   It affects your resistance to hostile enchantments.
   It prevents spellcasting.
   It prevents most forms of teleportation.
   It provides partial protection from all sources of acid and corrosion.
 J - the +18 shield of the Gong (worn) {rElec rN+ MR+ EV-5}
   (You found it in the Dungeon)

   It affects your evasion (-5).
   It insulates you from electricity.
   It protects you from negative energy.
   It affects your resistance to hostile enchantments.
Jewellery
 a - an uncursed ring of fire
 w - the brooch of Shielding (around neck) {Reflect SH+8}
   (You found it in the Dungeon)

   [amulet of reflection]

   It shields you and reflects attacks.
   It affects your SH (+8).
 A - a +6 ring of dexterity (right hand)
 D - a +6 ring of strength (left hand)
 E - a +6 ring of strength
 F - a cursed ring of protection from magic
Scrolls
 k - 4 scrolls of blinking
 o - 2 scrolls of brand weapon
 q - 4 scrolls of amnesia
 r - 7 scrolls of fog
 s - 5 scrolls of identify
 t - 5 scrolls of remove curse
 u - 4 scrolls of enchant armour
Potions
 d - 4 potions of might
 f - 9 potions of curing
 g - 14 potions of heal wounds
 h - 5 potions of haste
 i - 7 potions of magic
 j - 2 potions of berserk rage
 l - 2 potions of brilliance
 m - 2 potions of invisibility
 n - 4 potions of resistance
 p - 5 potions of agility
Miscellaneous
 y - a lightning rod (4/4)
 B - a lamp of fire
Comestibles
 e - 6 rations {!d}


   Skills:
 + Level 15.0 Fighting
 + Level 15.7 Maces & Flails
 + Level 12.6 Armour
 + Level 19.7 Shields


You had 10 spell levels left.
You didn't know any spells.
Your spell library contained the following spells:

 Spells                   Type           Power        Failure   Level  Hunger
 Flame Tongue             Conj/Fire      #....        97%         1    ##.....
 Passwall                 Tmut/Erth      #.......     99%         2    ###....
 Song of Slaying          Chrm           #.......     99%         2    ###....
 Conjure Flame            Conj/Fire      #.......     100%        3    ####...
 Ignite Poison            Fire/Tmut/Pois #.......     100%        3    ####...
 Inner Flame              Hex/Fire       N/A          100%        3    ####...
 Tree Form                Hex/Tmut       N/A          100%        4    #####..
 Blade Hands              Tmut           #.........   100%        5    ######.
 Piercing Shot            Chrm           #.........   100%        5    ######.
 Steam Barrier            Chrm/Fire      #.........   100%        6    #######
 Ignition                 Fire           #.........   100%        8    #######


Dungeon Overview and Level Annotations

Branches:
Dungeon (1/1)

Altars:
Ashenzari
Cheibriados
Dithmenos
Elyvilon
Fedhas
Gozag
Hepliaklqana
Kikubaaqudgha
Lugonu
Makhleb
Nemelex Xobeh
Okawaru
Qazlal
Ru
Sif Muna
Trog
Uskayaw
Vehumet
Wu Jian
Xom
Yredelemnul
Zin
The Shining One
Beogh
Jiyva

Annotations:
D 1 transporter


Innate Abilities, Weirdness & Mutations

You reflexively headbutt those who attack you in melee.
You have a pair of horns on your head.


Message History

Your lungs strain for air!
You block the harpy's attack.
GONNNNG!
You block the harpy's attack.
BOUMMMMG!
You block the harpy's attack.
SHROANNG!
You block the harpy's attack.
PTOANNNG!
The merfolk impaler hits you with a +1 trident of pain!
* * * LOW HITPOINT WARNING * * *
You block the merfolk impaler's attack.
GONNNNG!
The water elemental hits you.
* * * LOW HITPOINT WARNING * * *
You block the snapping turtle's attack.
PANG!
The merfolk hits you but does no damage.
The merfolk impaler hits you with a +1 trident of pain.
You die...

▓▓▓▓▓▓▓▓▓▓▓▓▓▓▓▓▓▓▓
▓..≈8©8≈≈≈▓...8©8...▓
▓≈.)))=|..▓..}[|.)..▓
▓≈.[}[)=..▓....).)..▓
▓..≈.≈≈≈≈.▓...).....▓
▓≈...≈≈≈≈.▓.........▓
▓...mtm..≈▓.........▓
▓≈.≈m)E≈..▓.........▓
▓..≈H@m≈..▓.▓.....▓†▓
▓...≈≈m≈≈≈▓....©..†.▓
▓≈.≈≈©.≈≈≈▓▓▓▓▓▓▓▓▓▓▓
▓▓▓▓▓▓▓▓▓▓▓


You could see 2 merfolk impalers, a merfolk javelineer, a merfolk aquamancer, a
snapping turtle, a merfolk, a water elemental and a harpy.

Vanquished Creatures
  A merfolk javelineer (D)
  A merfolk aquamancer (D)
  An unseen horror (shapeshifter) (D)
  A cyclops (D)
  2 wolf spiders (D)
  2 ugly things (D)
  A shining eye (D)
  An apocalypse crab (D)
  An eye of devastation (D)
  A guardian serpent (shapeshifter) (D)
  3 merfolk (D)
  A queen bee (shapeshifter) (D)
  A polar bear (shapeshifter) (D)
  A slime creature (D)
  2 hippogriffs (D)
  2 spriggans (D)
  A ynoxinul (D)
  A yak (shapeshifter) (D)
  3 fire elementals (D)
  A golden eye (D)
  A neqoxec (D)
  3 orc warriors (D)
  A porcupine (D)
  2 black bears (D)
  A wolf (D)
  A centaur (D)
  A bullfrog (D)
  4 scorpions (D)
  An orc wizard (D)
  A quasit (D)
  An orc priest (D)
  A jelly (D)
  An iguana (D)
  A river rat (D)
  An ufetubus (D)
  3 oozes (D)
  An orc (D)
  2 jackals (D)
55 creatures vanquished.

Notes
Turn   | Place    | Note
-------+----------+-------------------------------------------
     0 | D        | funkygono the Minotaur Fighter began the quest for the Orb.
     0 | D        | Reached XP level 1. HP: 19/19 MP: 0/0
     0 | D        | Found a shimmering blue altar of Sif Muna.
     0 | D        | Found a sacrificial altar of Ru.
     0 | D        | Found a bloodstained altar of Trog.
     0 | D        | Found a stormy altar of Qazlal.
     0 | D        | Found an iron altar of Okawaru.
     0 | D        | Found a sparkling altar of Nemelex Xobeh.
     0 | D        | Found a blossoming altar of Fedhas.
     1 | D        | Found the +6 Majin-Bo {vamp, *Drain Str+12 Int+24}
     1 | D        | Found the +7 great mace "Firestarter" {inner flame, rF++}
     2 | D        | Found a transporter.
     2 | D        | Found an ancient bone altar of Kikubaaqudgha.
     2 | D        | Found a viscous altar of Jiyva.
     2 | D        | Found a corrupted altar of Lugonu.
     2 | D        | Found a hazy altar of Hepliaklqana.
     2 | D        | Found a burning altar of Makhleb.
     2 | D        | Found an opulent altar of Gozag.
    21 | D        | Found the +9 heavy crossbow "Sniper" {velocity, Acc+∞ SInv}
    21 | D        | Found the +10 dark maul {crush}
    21 | D        | Found the +15 Maxwell's patent armour {-Cast -Tele rElec
                  | MR+ rCorr}
    21 | D        | Found the +18 shield of the Gong {rElec rN+ MR+ EV-5}
    21 | D        | Found the cursed +14 obsidian axe {chop, +Fly SInv *Curse}
    23 | D        | Found the +6 shillelagh "Devastator" {shatter}
    23 | D        | Found the +11 plutonium sword {*Contam Stlth-}
    23 | D        | Found the +8 lance "Wyrmbane" {slay drac, rPois rF+ rC+
                  | AC+3}
    23 | D        | Found the +9 sword of Zonguldrok {reap}
    23 | D        | Found the cursed +13 scythe of Curses {drain, *Curse}
    23 | D        | Found the +0 sword of Power
    23 | D        | Found the +7 mace of Variability {chain chaos}
    23 | D        | Found the +7 Singing Sword {slice}
    23 | D        | Found the +7 longbow "Piercer" {penet, EV-2}
   268 | D        | Reached skill level 5 in Fighting
   268 | D        | Reached skill level 5 in Maces & Flails
   268 | D        | Reached skill level 5 in Armour
   268 | D        | Reached skill level 5 in Shields
   268 | D        | Reached XP level 2. HP: 30/30 MP: 1/1
   282 | D        | Became a worshipper of the Shining One
   296 | D        | Entered arena 2.
   296 | D        | Noticed a porcupine
   296 | D        | Found a transporter.
   299 | D        | Killed a porcupine
   299 | D        | Reached skill level 7 in Shields
   299 | D        | Reached XP level 3. HP: 23/39 MP: 2/2
   299 | D        | Reached XP level 4. HP: 28/47 MP: 3/3
   406 | D        | Entered arena 3.
   406 | D        | Noticed a fire elemental
   406 | D        | Noticed a fire elemental
   406 | D        | Reached * piety under the Shining One
   406 | D        | Noticed a fire elemental
   406 | D        | Found a transporter.
   410 | D        | Killed a fire elemental
   410 | D        | Reached skill level 8 in Shields
   410 | D        | Reached XP level 5. HP: 42/57 MP: 4/4
   412 | D        | Killed a fire elemental
   412 | D        | Reached skill level 9 in Shields
   412 | D        | Reached XP level 6. HP: 38/66 MP: 5/5
   420 | D        | Killed a fire elemental
   420 | D        | Reached skill level 10 in Fighting
   420 | D        | Reached skill level 10 in Armour
   420 | D        | Reached skill level 10 in Shields
   420 | D        | Reached XP level 7. HP: 22/73 MP: 6/6
   642 | D        | Got the +11 flail of Distraction {drain, *Drain rF+ Dex+8
                  | Stlth-}
   644 | D        | Got the +7 morningstar "Irucaos" {holy, rElec}
   652 | D        | Entered arena 4.
   652 | D        | Noticed a spriggan
   652 | D        | Noticed a spriggan
   652 | D        | Reached ** piety under the Shining One
   652 | D        | Found a transporter.
   653 | D        | Found the brooch of Shielding {Reflect SH+8}
   657 | D        | Killed a spriggan
   660 | D        | Reached skill level 11 in Shields
   664 | D        | Killed a spriggan
   666 | D        | Reached XP level 8. HP: 73/82 MP: 7/7
   681 | D        | Got the +9 battleaxe of Saltpetre {chop, rPois Int+4 Dex+3}
   705 | D        | Entered arena 5.
   705 | D        | Noticed an apocalypse crab
   705 | D        | Reached *** piety under the Shining One
   705 | D        | Found a transporter.
   706 | D        | Found the ring of Shadows {Umbra +Inv Stlth+}
   709 | D        | Reached **** piety under the Shining One
   709 | D        | Reached skill level 10 in Maces & Flails
   713 | D        | Killed an apocalypse crab
   713 | D        | Reached skill level 12 in Shields
   741 | D        | Entered arena 6.
   741 | D        | Found a transporter.
   758 | D        | Got the +5 flail of Judgement {protect, rElec rF+ Int-3
                  | Dex+6}
   773 | D        | Entered arena 7.
   773 | D        | Reached ***** piety under the Shining One
   773 | D        | Noticed a wolf spider
   773 | D        | Noticed a wolf spider
   775 | D        | Found a transporter.
   780 | D        | Killed a wolf spider
   780 | D        | Reached skill level 13 in Shields
   780 | D        | Reached XP level 9. HP: 92/92 MP: 8/8
   791 | D        | Killed a wolf spider
   791 | D        | Reached skill level 14 in Shields
  1015 | D        | Entered arena 8.
  1023 | D        | Found a transporter.
  1031 | D        | Reached skill level 15 in Shields
  1047 | D        | Got the Grimoire of Boosting Heat
  1049 | D        | Got the Almanac of the Blaze
  1051 | D        | Got the Grimoire of Transmigration
  1054 | D        | Got the +10 falchion "Newt's Death Toll" {flame, rPois rF-
                  | rN++ Stlth+}
  1068 | D        | Entered arena 9.
  1068 | D        | Noticed a merfolk
  1068 | D        | Noticed a merfolk
  1068 | D        | Reached ****** piety under the Shining One
  1068 | D        | Noticed a cyclops
  1068 | D        | Noticed a merfolk
  1069 | D        | Found a transporter.
  1081 | D        | Killed a cyclops
  1086 | D        | Killed a merfolk
  1086 | D        | Reached skill level 16 in Shields
  1086 | D        | Reached XP level 10. HP: 99/101 MP: 9/9
  1121 | D        | Got the +4 ring mail of Kisej {Str+7 Int-2}
  1155 | D        | Entered arena 10.
  1155 | D        | Noticed an eye of devastation
  1161 | D        | Found a transporter.
  1173 | D        | Reached skill level 17 in Shields
  1178 | D        | Killed an eye of devastation
  1270 | D        | Got the ring "Rykyputs" {Wiz Dex+3}
  1288 | D        | Entered arena 11.
  1288 | D        | Noticed a guardian serpent
  1288 | D        | Noticed a brown ugly thing
  1288 | D        | Noticed an unseen horror
  1288 | D        | Noticed a green ugly thing
  1288 | D        | Noticed a shining eye
  1289 | D        | Lost intelligence.
  1296 | D        | Killed a guardian serpent
  1305 | D        | Killed a brown ugly thing
  1305 | D        | Reached skill level 18 in Shields
  1306 | D        | Reached skill level 15 in Maces & Flails
  1307 | D        | Killed an unseen horror
  1310 | D        | Killed a green ugly thing
  1316 | D        | Found a transporter.
  1322 | D        | Killed a shining eye
  1322 | D        | Reached skill level 19 in Shields
  1322 | D        | Reached XP level 11. HP: 87/111 MP: 6/7
  1333 | D        | Got the +3 dire flail "Latim" {antimagic, rC+ Str-3 Stlth+}
  1398 | D        | Entered arena 12.
  1398 | D        | Noticed a merfolk impaler
  1398 | D        | Noticed a merfolk aquamancer
  1398 | D        | Noticed a merfolk aquamancer
  1398 | D        | Noticed a harpy
  1399 | D        | Noticed a merfolk javelineer
  1399 | D        | Noticed a merfolk impaler
  1399 | D        | Noticed a merfolk javelineer
  1401 | D        | Found a transporter.
  1406 | D        | Killed a merfolk aquamancer
  1409 | D        | Killed a merfolk javelineer
  1409 | D        | Reached skill level 15 in Fighting
  1413 | D        | HP: 2/112 [harpy (11)]
  1414 | D        | The Shining One protects you from harm!
  1423 | D        | HP: 2/112 [water elemental (4)]
  1423 | D        | Slain by a merfolk impaler

Skill      XL: |  1  2  3  4  5  6  7  8  9 10 11 |
---------------+----------------------------------+-----
Fighting       | 5 7 9 10 11 12 13 14 15 | 15.0
Maces & Flails | 5 6 7 8 9 12 13 15 | 15.7
Armour         | 5 7 9 10 11 12 | 12.6
Shields        | 5 7 8 9 10 11 13 16 19 | 19.7

Action                   |  1- 3 |  4- 6 |  7- 9 | 10-12 || total
-------------------------+-------+-------+-------+-------++-------
Melee: Flail             |     3 |    16 |    42 |    70 ||   131
       Headbutt          |     2 |     5 |    17 |    25 ||    49
       Morningstar       |       |       |    24 |       ||    24
  Use: Potion            |     1 |     1 |     2 |     6 ||    10
  Eat: Chunk             |       |       |       |     1 ||     1
       Ration            |       |       |       |     1 ||     1
Armor: Plate armour      |     1 |    10 |    48 |    70 ||   129
Dodge: Dodged            |       |       |     8 |    15 ||    23
       Deflected         |       |       |       |     1 ||     1
Block: Medium shield     |     3 |    19 |   147 |   180 ||   349
       Reflection        |       |       |     7 |     6 ||    13
